 Dungeon Crawl Stone Soup version 0.23-a0-189-gc87c613 (webtiles) character file.

14975 Felrender the Cleaver (level 11, -4/95 HPs)
             Began as a Minotaur Fighter on Sept 23, 2018.
             Was an Elder of Trog.
             Slain by a 15-headed hydra (8 damage)
             ... on level 12 of the Dungeon.
             The game lasted 00:24:31 (10825 turns).

Felrender the Cleaver (Minotaur Fighter)           Turns: 10825, Time: 00:24:32

Health: -4/95      AC: 20    Str: 27    XL:     11   Next: 95%
Magic:  10/10      EV:  8    Int:  5    God:    Trog [****..]
Gold:   208        SH: 12    Dex: 12    Spells: 10/10 levels left

rFire    . . .     SeeInvis .   w - +2 scimitar "Loiplymeb" {vamp, +Rage}
rCold    . . .     Gourm    .   c - +0 shield
rNeg     . . .     Faith    .   I - +0 plate armour
rPois    .         Spirit   .   (helmet restricted)
rElec    .         Reflect  .   v - +0 cloak
rCorr    .         Harm     .   G - +0 pair of gloves
MR       .....                  y - +1 pair of boots
Stlth    ..........             F - amulet of the acrobat
HPRegen  0.25/turn              (no ring)
MPRegen  0.12/turn              (no ring)

@: mighty, berserk cooldown, slowed, very slow
A: retaliatory headbutt, horns 2
a: Berserk, Trog's Hand, Brothers in Arms, Renounce Religion, Evoke Berserk Rage


You were on level 12 of the Dungeon.
You worshipped Trog.
Trog was greatly pleased with you.
You were not hungry.

You visited 2 branches of the dungeon, and saw 13 of its levels.
You also visited: Sewer and Ossuary.

You collected 688 gold pieces.
You spent 480 gold pieces at shops.

Inventory:

Hand Weapons
 a - a +1 long sword of freezing
 e - a +2 war axe of chopping
 w - the +2 scimitar "Loiplymeb" (weapon) {vamp, +Rage}
   (You acquired it on level 12 of the Dungeon)

   It inflicts no extra harm, but heals its wielder when it wounds a living foe.
   It lets you go berserk.
 D - a +0 hand crossbow of velocity
Armour
 c - a +0 shield (worn)
 v - a +0 cloak (worn)
 y - a +1 pair of boots (worn)
 G - a +0 pair of gloves (worn)
 I - a +0 plate armour (worn)
Jewellery
 E - an uncursed ring of fire
 F - an amulet of the acrobat (around neck)
Wands
 b - a wand of iceblast (6)
 l - a wand of flame (53)
 s - a wand of paralysis (27)
 t - a wand of random effects (67)
 z - a wand of polymorph (18)
 C - a wand of acid (11)
 H - a wand of disintegration (12)
Scrolls
 A - 4 scrolls of teleportation
 B - 4 scrolls of remove curse
 K - a scroll of fog
Potions
 d - a potion of might
 g - 2 potions of resistance
 h - 2 potions of magic
 i - a potion of cancellation {unknown}
 j - 2 potions of berserk rage {unknown}
 k - 2 potions of agility
 m - 2 potions of invisibility
 n - 2 potions of lignification
 p - 2 potions of heal wounds
 q - 2 potions of brilliance
 r - 3 potions of mutation
 u - 2 potions of flight
 x - 2 potions of curing
 J - 2 potions of haste {unknown}
Comestibles
 f - 12 rations
 o - 13 chunks of flesh


   Skills:
 + Level 8.8 Fighting
 + Level 9.7 Long Blades
 * Level 13.3 Axes
 + Level 10.2 Armour
 + Level 4.5 Dodging
 + Level 1.5 Stealth
 + Level 9.8 Shields


You had 10 spell levels left.
You didn't know any spells.
Your spell library was empty.

Dungeon Overview and Level Annotations

Branches:
Dungeon (12/15)            Temple (1/1) D:5            Lair (0/6) D:11
    Orc (0/2) D:10

Altars:
Ashenzari
Cheibriados
Dithmenos
Elyvilon
Fedhas
Gozag
Hepliaklqana
Kikubaaqudgha
Makhleb
Nemelex Xobeh
Okawaru
Qazlal
Ru
Sif Muna
Trog
Uskayaw
Vehumet
Wu Jian
Xom
Yredelemnul
Zin
The Shining One

Shops:
D:9 [!*   D:11 :


Innate Abilities, Weirdness & Mutations

You reflexively headbutt those who attack you in melee.
You have a pair of horns on your head.


Message History

The 15-headed hydra bites you!
* * * LOW HITPOINT WARNING * * *
You block the 15-headed hydra's attack. The 15-headed hydra bites you!
* * * LOW HITPOINT WARNING * * *
The 15-headed hydra bites you but does no damage.
Some of the chunks of flesh in your inventory have rotted away.
You fail to use your ability.
The shadow slips into darkness.
The shadow flickers and vanishes!
Deactivating autopickup; reactivate with Ctrl-A.
The 15-headed hydra bites you but does no damage.
You block the 15-headed hydra's attack. x2; The 15-headed hydra bites you.
* * * LOW HITPOINT WARNING * * *
The 15-headed hydra bites you.
* * * LOW HITPOINT WARNING * * *
The 15-headed hydra barely misses you.
The 15-headed hydra bites you but does no damage.
The 15-headed hydra completely misses you.
The 15-headed hydra bites you!
You die...

....... ....
.).....### ..... ##
.8....... .... . +.
........##... ..##
.........#.# ...
.........'.# #
.........#### . #
.......#รท#.. ... #
..######@#.# #....
#
.#######D#.##......
#
.......Z{.....[...
###
#######.#..).#####
#.. #######'#######
#.###..
#.............#
#......
#.............#
##..###
#.............# #.
#.. ..............#
##.#.#


You could see a 15-headed hydra and a centaur skeleton.

Vanquished Creatures
  2 two-headed ogres (D:10)
  A tengu warrior (D:8)
  Pikel (D:4)
  An ugly thing (D:12)
  A manticore (D:12)
  2 gargoyles
  A merfolk (D:10)
  2 polar bears (D:10)
  A troll (D:11)
  Grinder (D:4)
  3 hippogriffs
  5 slime creatures
  A shadow (D:11)
  3 wyverns
  13 yaks (D:12)
  3 hungry ghosts
  2 steam dragons
  A water moccasin (D:9)
  An acid dragon (D:11)
  5 sky beasts
  A hornet zombie (D:8)
  4 ice beasts
  3 ogres
  5 orc warriors
  A black bear (D:11)
  A phantom (D:10)
  3 crocodiles (D:11)
  A centaur (D:10)
  2 big kobolds
  Blork the orc (D:4)
  2 elf zombies (Ossuary)
  7 bullfrogs
  A scorpion (D:6)
  4 wights (D:10)
  3 howler monkeys
  3 bullfrog zombies
  6 crimson imps
  2 centaur zombies
  5 hounds
  4 jellies
  3 bullfrog skeletons
  A human zombie (Ossuary)
  5 orc priests
  5 orc wizards
  A centaur skeleton (D:4)
  Jessica (D:2)
  Ijyb (D:4)
  3 iguanas
  9 worker ants
  2 hound skeletons
  2 mummies (Ossuary)
  A worker ant zombie (D:5)
  13 adders
  3 gnolls (D:7)
  A river rat (Sewer)
  3 shadow imps
  An ooze (D:1)
  3 adder zombies (Ossuary)
  An adder skeleton (D:7)
  2 worms
  2 dart slugs
  4 leopard geckos
  34 orcs
  2 ball pythons
  6 giant cockroaches
  5 goblins
  2 hobgoblins (D:3)
  13 jackals
  2 quokkas
  8 bats
  7 frilled lizards
  A goblin zombie (Ossuary)
  11 hobgoblin zombies (Ossuary)
  A jackal zombie (D:7)
  14 kobolds
  8 kobold zombies (Ossuary)
  A leopard gecko zombie (D:6)
  9 orc zombies (Ossuary)
  A quokka skeleton (D:4)
  A quokka zombie (D:7)
  10 rats
  A rat zombie (Ossuary)
  A butterfly (D:5)
314 creatures vanquished.

Vanquished Creatures (others)
  A hound (D:4)
  A leopard gecko (D:4)
2 creatures vanquished.

Grand Total: 316 creatures vanquished

Notes
Turn   | Place    | Note
-------+----------+-------------------------------------------
     0 | D:1      | Felrender the Minotaur Fighter began the quest for the Orb.
     0 | D:1      | Reached XP level 1. HP: 19/19 MP: 0/0
    66 | D:1      | Reached XP level 2. HP: 25/27 MP: 1/1
   653 | D:2      | Reached XP level 3. HP: 20/33 MP: 2/2
  1106 | D:2      | Reached XP level 4. HP: 36/40 MP: 3/3
  1218 | D:2      | Noticed Jessica
  1236 | D:2      | Killed Jessica
  1605 | D:2      | Found a deep blue altar of Sif Muna.
  1700 | D:3      | Reached XP level 5. HP: 40/47 MP: 4/4
  1741 | D:3      | Reached skill level 1 in Dodging
  1927 | D:3      | Found a faded altar of an unknown god.
  2055 | D:3      | Reached skill level 5 in Shields
  2220 | D:4      | Reached XP level 6. HP: 43/53 MP: 5/5
  2295 | D:4      | Noticed Grinder
  2308 | D:4      | Paralysed by Grinder for 4 turns
  2313 | D:4      | Killed Grinder
  2313 | D:4      | Reached skill level 5 in Long Blades
  2313 | D:4      | Reached skill level 5 in Armour
  2343 | D:4      | Found a sand-covered staircase.
  2352 | Ossuary  | Entered an ossuary
  2468 | Ossuary  | Reached XP level 7. HP: 57/60 MP: 6/6
  2503 | Ossuary  | Reached skill level 5 in Fighting
  2585 | D:4      | Noticed Pikel
  2603 | D:4      | Killed Pikel
  2603 | D:4      | Reached XP level 8. HP: 62/69 MP: 7/7
  2616 | D:4      | Noticed Ijyb
  2626 | D:4      | Killed Ijyb
  2877 | D:4      | Noticed Blork the orc
  2885 | D:4      | Killed Blork the orc
  3138 | D:5      | Entered Level 5 of the Dungeon
  3472 | D:5      | Reached skill level 1 in Stealth
  3610 | D:5      | Found a staircase to the Ecumenical Temple.
  3640 | D:5      | Reached XP level 9. HP: 75/75 MP: 8/8
  3667 | Temple   | Entered the Ecumenical Temple
  3768 | Temple   | Became a worshipper of Trog the Wrathful
  4755 | D:6      | Found a glowing drain.
  4776 | Sewer    | Entered a sewer
  4908 | Sewer    | Reached skill level 1 in Axes
  5028 | Sewer    | Found a white marble altar of Elyvilon.
  5473 | D:6      | Reached skill level 2 in Axes
  5557 | D:7      | Reached * piety under Trog
  5578 | D:7      | Found a shimmering altar of Xom.
  5657 | D:7      | Found a glowing silver altar of Zin.
  6092 | D:7      | Reached skill level 3 in Axes
  6726 | D:8      | Found a glowing golden altar of the Shining One.
  6752 | D:8      | Found a sacrificial altar of Ru.
  6759 | D:8      | Reached skill level 4 in Axes
  6783 | D:8      | Reached skill level 5 in Axes
  6899 | D:8      | Noticed a tengu warrior
  6901 | D:8      | Found a burning altar of Makhleb.
  6912 | D:8      | Killed a tengu warrior
  6912 | D:8      | Reached skill level 6 in Axes
  6912 | D:8      | Reached XP level 10. HP: 49/86 MP: 9/9
  6996 | D:8      | Found an opulent altar of Gozag.
  7109 | D:9      | Found Esairu's General Store.
  7111 | D:9      | Bought an uncursed amulet of the acrobat for 360 gold
                  | pieces
  7111 | D:9      | Bought a ration for 60 gold pieces
  7111 | D:9      | Bought a ration for 60 gold pieces
  7175 | D:9      | Reached ** piety under Trog
  7179 | D:9      | Reached skill level 7 in Axes
  7221 | D:9      | Found Poumad's Antique Armour Emporium.
  7847 | D:9      | Found Cidghoho's Distillery.
  7984 | D:10     | Entered Level 10 of the Dungeon
  7986 | D:10     | Noticed a two-headed ogre
  7998 | D:10     | Killed a two-headed ogre
  7998 | D:10     | Reached skill level 8 in Axes
  8393 | D:10     | Noticed a gargoyle
  8404 | D:10     | Killed a gargoyle
  8449 | D:10     | Found a bloodstained altar of Trog.
  8460 | D:10     | Reached skill level 9 in Axes
  8900 | D:10     | Noticed a two-headed ogre
  8907 | D:10     | Killed a two-headed ogre
  8907 | D:10     | Reached skill level 10 in Axes
  8908 | D:10     | Reached XP level 11. HP: 57/94 MP: 10/10
  9045 | D:10     | Reached *** piety under Trog
  9267 | D:10     | Found a staircase to the Orcish Mines.
  9413 | D:11     | Reached skill level 11 in Axes
  9571 | D:11     | Found a staircase to the Lair.
  9886 | D:11     | Found Kuykewky's Book Emporium.
 10321 | D:12     | Reached skill level 12 in Axes
 10483 | D:12     | Found a hazy altar of Hepliaklqana.
 10575 | D:12     | Received a gift from Trog
 10682 | D:12     | Reached skill level 10 in Armour
 10697 | D:12     | Reached skill level 13 in Axes
 10711 | D:12     | Reached **** piety under Trog
 10755 | D:12     | Identified a scroll of acquirement
 10756 | D:12     | Got a bloodstained scimitar
 10760 | D:12     | Identified the +2 scimitar "Loiplymeb" {vamp, +Rage} (You
                  | acquired it on level 12 of the Dungeon)
 10793 | D:12     | Noticed a seven-headed hydra
 10796 | D:12     | Noticed a green ugly thing
 10822 | D:12     | Killed a green ugly thing
 10825 | D:12     | HP: 4/95 [15-headed hydra (4)]
 10825 | D:12     | Slain by a 15-headed hydra

Vault maps used:
D:1:      dpeg_arrival_shrine, roderic_roman_lattice, serial_park_tiny_pond
D:2:      lemuel_blue_sif_altar, minmay_cut_off, uniq_jessica
D:3:      chequers_ecumenical_altar_simple
D:4:      nicolae_ossuary_entry_ruins, uniq_blork_the_orc, uniq_grinder,
          uniq_ijyb, uniq_pikel
D:5:      minmay_temple_entry_butterflies, first_ration
D:6:      portal_sewer_entry_d
D:7:      lemuel_coloured_pillars_altar, nicolae_overflow_crystal_walls
D:8:      marbit_many_paths, grunt_temple_overflow_open,
          nicolae_gozag_cash_rules_everything_around_me
D:9:      serial_shops, nicolae_shop_window_shopping, kennysheep_little_box,
          shop
D:10:     orc_0_dummy, hangedman_fish_farm, trog_ov_bears_minmay
D:11:     erik_lair_dragon, serial_shops, nicolae_shop_crystal
D:12:     basic_altar, minivault_16
Temple:   compressed_dpeg_circular_temple
Sewer:    sewer_kobolds
Ossuary:  ossuary_tomb_1

Skill      XL: |  1  2  3  4  5  6  7  8  9 10 11 |
---------------+----------------------------------+-----
Fighting       | 4 5 6 7 8 |  8.8
Shields        | 4 5 6 7 8 9 |  9.8
Armour         | 4 5 6 7 9 10 | 10.2
Long Blades    | 3 4 5 7 9 |  9.7
Dodging        | 2 3 4 |  4.5
Stealth        | 1 |  1.5
Axes           | 6 10 13 | 13.3

Action                   |  1- 3 |  4- 6 |  7- 9 | 10-12 || total
-------------------------+-------+-------+-------+-------++-------
Melee: Long sword        |    64 |   163 |   181 |       ||   408
       Headbutt          |     6 |    32 |    54 |   107 ||   199
       War axe           |       |       |   134 |   393 ||   527
       Scimitar          |       |       |       |    20 ||    20
Invok: Trog's Hand       |       |       |       |     1 ||     1
       Berserk           |       |       |       |     4 ||     4
  Use: Scroll            |     6 |     7 |     7 |     7 ||    27
       Potion            |       |       |     3 |     3 ||     6
  Eat: Chunk             |     1 |     1 |     3 |    11 ||    16
       Ration            |       |     1 |     4 |     5 ||    10
Armor: Scale mail        |    35 |    87 |    42 |       ||   164
       Chain mail        |       |       |    73 |    76 ||   149
       Plate armour      |       |       |       |   122 ||   122
Dodge: Dodged            |    29 |    59 |   100 |   125 ||   313
Block: Shield            |    51 |   103 |   156 |   224 ||   534
       Rpst.: Long sword |    11 |    16 |    12 |       ||    39
       Scimitar          |       |       |       |     3 ||     3

Table legend:
 A = Non-vault XP
 B = Vault XP
 C = Vault XP percentage of total XP
 D = Non-vault monster count
 E = Vault monster count
 F = Vault count percentage of total count
                 A         B        C        D         E       F
            +---------+---------+-------+---------+---------+-------
      Total |   17229 |    4164 |  19.5 |     249 |      65 |  20.7
            +---------+---------+-------+---------+---------+-------
        D:1 |      31 |       0 |   0.0 |      16 |       0 |   0.0
        D:2 |      59 |      51 |  46.4 |      15 |       2 |  11.8
        D:3 |     156 |       0 |   0.0 |      30 |       0 |   0.0
        D:4 |     166 |    1092 |  86.8 |      15 |       4 |  21.1
        D:5 |    1090 |       0 |   0.0 |      26 |       0 |   0.0
        D:6 |     661 |      14 |   2.1 |      13 |       1 |   7.1
        D:7 |     366 |       0 |   0.0 |      17 |       0 |   0.0
        D:8 |     761 |     873 |  53.4 |      13 |       1 |   7.1
        D:9 |     950 |       0 |   0.0 |      20 |       0 |   0.0
       D:10 |    3963 |     922 |  18.9 |      26 |       3 |  10.3
       D:11 |    2926 |     734 |  20.1 |      24 |       5 |  17.2
       D:12 |    6100 |       0 |   0.0 |      34 |       0 |   0.0
      Sewer |       0 |     123 | 100.0 |       0 |      10 | 100.0
    Ossuary |       0 |     355 | 100.0 |       0 |      39 | 100.0
            +---------+---------+-------+---------+---------+-------
